BSA
CHICAGO MACHINE @ LOS ANGELES BRUINS
07/23/2024
 
TOP OF THE 1ST
Chicago Machine batting - Pitching for Los Angeles Bruins : RHP Juan González
Pitching: RHP Juan González
Batting: SHB Joaquín López 0-0: Fly out, F9 (Flyball, 9LD)
Batting: LHB José Antonio Santiago 0-0: Ball
1-0: Foul Ball, location: 2F
1-1: Called Strike
1-2: Strikes out swinging
Batting: LHB Domingo Flores 0-0: Ball
1-0: Foul Ball, location: 2F
1-1: Ball
2-1: Foul Ball, location: 2F
2-2: Foul Ball, location: 2F
2-2: Fly out, F4 (Line Drive, 4)
Top of the 1st over - 0 run(s), 0 hit(s), 0 error(s), 0 left on base; Chicago 0 - Los Angeles 0
BOTTOM OF THE 1ST
Los Angeles Bruins batting - Pitching for Chicago Machine : LHP Abdul-Qadir bin Nasser
Pitching: LHP Abdul-Qadir bin Nasser
Batting: SHB Ramón Lugo 0-0: Called Strike
0-1: Ball
1-1: Foul Ball, location: 2F
1-2: DOUBLE (Line Drive, 7LD)
Batting: RHB Tom Doherty 0-0: Called Strike
0-1: Fly out, F9 (Flyball, 9LMF)
Batting: RHB Rubén Calderón 0-0: Ball
1-0: Swinging Strike
1-1: Ball
2-1: Ball
3-1: Called Strike
3-2: Strikes out swinging
Batting: LHB Richard Hunter 0-0: Called Strike
0-1: Foul Ball, location: 2F
0-2: Strikes out swinging
Bottom of the 1st over - 0 run(s), 1 hit(s), 0 error(s), 1 left on base; Chicago 0 - Los Angeles 0
TOP OF THE 2ND
Chicago Machine batting - Pitching for Los Angeles Bruins : RHP Juan González
Batting: LHB Eric Wheeler 0-0: Ball
1-0: Ball
2-0: Swinging Strike
2-1: Fly out, F8 (Flyball, 8LD)
Batting: RHB Fabrice Brodeur 0-0: Called Strike
0-1: Swinging Strike
0-2: Foul Ball, location: 2F
0-2: Ball
1-2: Ball
2-2: Strikes out swinging
Batting: LHB Marcos Vargas 0-0: Called Strike
0-1: Ground out U3 (Groundball, 3L)
Top of the 2nd over - 0 run(s), 0 hit(s), 0 error(s), 0 left on base; Chicago 0 - Los Angeles 0
BOTTOM OF THE 2ND
Los Angeles Bruins batting - Pitching for Chicago Machine : LHP Abdul-Qadir bin Nasser
Batting: RHB Morgan Gibbon 0-0: Reached on error, E4 (Groundball, 4)
Batting: RHB Brendan Vigors 0-0: Called Strike
0-1: SINGLE (Groundball, 56D)
Morgan Gibbon to third
Runner from 3rd tries for Home, SAFE, throw made home
Brendan Vigors to second
Batting: SHB Miguel González 0-0: Called Strike
0-1: Foul Ball, location: 2F
0-2: Ball
1-2: Ground out U3 (Groundball, 3S)
Brendan Vigors to third
Pitching: RHP Clint Tancock
Batting: RHB Shih-k'ai Huang 0-0: Ball
1-0: Ball
2-0: Called Strike
2-1: Called Strike
2-2: Strikes out swinging
Batting: RHB Gregg Nelson 0-0: Ball
1-0: Foul Ball, location: 2F
1-1: Foul Ball, location: 2F
1-2: Foul Ball, location: 2F
1-2: Foul Ball, location: 2F
1-2: Foul Ball, location: 2F
1-2: Foul Ball, location: 2F
1-2: DOUBLE (Line Drive, 5D)
Brendan Vigors scores
Batting: SHB Ramón Lugo 0-0: DOUBLE (Groundball, 3L)
Gregg Nelson scores
Batting: RHB Tom Doherty 0-0: Ball
1-0: Ball
2-0: Ball
3-0: Called Strike
3-1: DOUBLE (Line Drive, 7LD)
Ramón Lugo scores
Batting: RHB Rubén Calderón 0-0: Foul Ball, location: 2F
0-1: Fly out, F8 (Flyball, 8LM)
Bottom of the 2nd over - 4 run(s), 4 hit(s), 1 error(s), 1 left on base; Chicago 0 - Los Angeles 4
TOP OF THE 3RD
Chicago Machine batting - Pitching for Los Angeles Bruins : RHP Juan González
Batting: RHB Edward Young 0-0: Ball
1-0: Ball
2-0: Called Strike
2-1: Ball
3-1: Foul Ball, location: 2F
3-2: Foul Ball, location: 2F
3-2: TRIPLE (Groundball, 5L)
Batting: RHB Derek Ramsey 0-0: Ball
1-0: Fly out, F2 (Popup, 2RF)
Batting: RHB Rick Ayliffe 0-0: Ball
1-0: Foul Ball, location: 2F
1-1: Ball
2-1: Foul Ball, location: 2F
2-2: Fly out, F3 (Popup, 23F)
Batting: SHB Joaquín López 0-0: Ball
1-0: Swinging Strike
1-1: Called Strike
1-2: Strikes out swinging
Top of the 3rd over - 0 run(s), 1 hit(s), 0 error(s), 1 left on base; Chicago 0 - Los Angeles 4
BOTTOM OF THE 3RD
Los Angeles Bruins batting - Pitching for Chicago Machine : RHP Clint Tancock
Batting: LHB Richard Hunter 0-0: Called Strike
0-1: Ball
1-1: SINGLE (Groundball, 56D)
Batting: RHB Morgan Gibbon 0-0: Fly out, F8 (Flyball, 8RM)
Batting: RHB Brendan Vigors 0-0: Ball
1-0: SINGLE (Flyball, 89S)
Richard Hunter to second
Richard Hunter to third
Batting: SHB Miguel González 0-0: TRIPLE (Groundball, 3L)
Richard Hunter scores
Brendan Vigors scores
Batting: RHB Shih-k'ai Huang 0-0: Ball
1-0: Ball
Wild Pitch!
Miguel González scores
2-0: Foul Ball, location: 2F
2-1: Fly out, F2 (Popup, 25F)
Batting: RHB Gregg Nelson 0-0: Ball
1-0: Called Strike
1-1: Fly out, F7 (Flyball, 7M)
Bottom of the 3rd over - 3 run(s), 3 hit(s), 0 error(s), 0 left on base; Chicago 0 - Los Angeles 7
TOP OF THE 4TH
Chicago Machine batting - Pitching for Los Angeles Bruins : RHP Juan González
Batting: LHB José Antonio Santiago 0-0: Swinging Strike
0-1: Ground out 4-3 (Groundball, 34)
Batting: LHB Domingo Flores 0-0: Called Strike
0-1: Ball
1-1: Called Strike
1-2: SINGLE (Line Drive, 9LS)
Batting: LHB Eric Wheeler 0-0: Ball
1-0: Called Strike
1-1: Grounds into double play, U4-3 (Groundball, 4)
Top of the 4th over - 0 run(s), 1 hit(s), 0 error(s), 0 left on base; Chicago 0 - Los Angeles 7
BOTTOM OF THE 4TH
Los Angeles Bruins batting - Pitching for Chicago Machine : RHP Clint Tancock
Pitching: RHP Manny Muñóz
Batting: SHB Ramón Lugo 0-0: Ball
1-0: Fly out, F8 (Flyball, 8RM)
Batting: RHB Tom Doherty 0-0: Ball
1-0: Swinging Strike
1-1: Ball
2-1: SINGLE (Groundball, 56D)
Batting: RHB Rubén Calderón 0-0: 2-RUN HOME RUN (Flyball, 7D), Distance : 378 ft
Batting: LHB Richard Hunter 0-0: Ball
1-0: Foul Ball, location: 2F
1-1: DOUBLE (Flyball, 9D)
Batting: RHB Morgan Gibbon 0-0: Foul Ball, location: 2F
0-1: Ball
1-1: Swinging Strike
1-2: Strikes out swinging
Batting: RHB Brendan Vigors 0-0: Foul Ball, location: 2F
0-1: Ball
1-1: Ball
2-1: Ground out 4-3 (Groundball, 34)
Bottom of the 4th over - 2 run(s), 3 hit(s), 0 error(s), 1 left on base; Chicago 0 - Los Angeles 9
TOP OF THE 5TH
Chicago Machine batting - Pitching for Los Angeles Bruins : RHP Juan González
Batting: RHB Fabrice Brodeur 0-0: Ball
1-0: Ball
2-0: Foul Ball, location: 2F
2-1: Foul Ball, location: 2F
2-2: Strikes out looking
Batting: LHB Marcos Vargas 0-0: Ball
1-0: Ball
2-0: Foul Ball, location: 2F
2-1: Ground out 1-3 (Groundball, 13S)
Batting: RHB Edward Young 0-0: DOUBLE (Flyball, 9LM)
Batting: RHB Derek Ramsey 0-0: Swinging Strike
0-1: Ball
1-1: Fly out, F7 (Flyball, 7D)
Top of the 5th over - 0 run(s), 1 hit(s), 0 error(s), 1 left on base; Chicago 0 - Los Angeles 9
BOTTOM OF THE 5TH
Los Angeles Bruins batting - Pitching for Chicago Machine : RHP Manny Muñóz
Batting: SHB Miguel González 0-0: Foul Ball, location: 2F
0-1: Ground out 3-1 (Groundball, 34)
Batting: RHB Shih-k'ai Huang 0-0: Swinging Strike
0-1: SINGLE (Groundball, 56)
Batting: RHB Gregg Nelson 0-0: Ball
1-0: Called Strike
1-1: Called Strike
1-2: SINGLE (Line Drive, 89S)
Shih-k'ai Huang to second
Runner from 2nd tries for 3rd, SAFE, no throw or cutoff
Batting: SHB Ramón Lugo 0-0: Called Strike
0-1: Ball
1-1: Ball
2-1: Swinging Strike
2-2: Foul Ball, location: 2F
2-2: Strikes out looking
Batting: RHB Tom Doherty 0-0: Ball
1-0: Called Strike
1-1: Fly out, F9 (Flyball, 89M)
Bottom of the 5th over - 0 run(s), 2 hit(s), 0 error(s), 2 left on base; Chicago 0 - Los Angeles 9
TOP OF THE 6TH
Chicago Machine batting - Pitching for Los Angeles Bruins : RHP Juan González
Batting: RHB Rick Ayliffe 0-0: Foul Ball, location: 2F
0-1: Swinging Strike
0-2: Ball
1-2: Foul Ball, location: 2F
1-2: Fly out, F8 (Flyball, 78M)
Batting: SHB Joaquín López 0-0: Ball
1-0: Called Strike
1-1: Fly out, F9 (Line Drive, 9S)
Batting: LHB José Antonio Santiago 0-0: Called Strike
0-1: Ball
1-1: Called Strike
1-2: Strikes out swinging
Top of the 6th over - 0 run(s), 0 hit(s), 0 error(s), 0 left on base; Chicago 0 - Los Angeles 9
BOTTOM OF THE 6TH
Los Angeles Bruins batting - Pitching for Chicago Machine : RHP Manny Muñóz
Batting: RHB Rubén Calderón 0-0: Ball
1-0: Called Strike
1-1: SINGLE (Line Drive, 7LS)
Batting: LHB Richard Hunter 0-0: Called Strike
0-1: SINGLE (Groundball, 4M)
Rubén Calderón to second
Batting: RHB Morgan Gibbon 0-0: Ball
1-0: Fly out, F3 (Popup, 3)
Batting: RHB Brendan Vigors 0-0: Ball
1-0: Foul Ball, location: 2F
1-1: Ball
2-1: Grounds into double play, 5-4-3 (Groundball, 5)
Bottom of the 6th over - 0 run(s), 2 hit(s), 0 error(s), 1 left on base; Chicago 0 - Los Angeles 9
TOP OF THE 7TH
Chicago Machine batting - Pitching for Los Angeles Bruins : RHP Juan González
Batting: LHB Domingo Flores 0-0: Swinging Strike
0-1: Called Strike
0-2: Strikes out swinging
Batting: LHB Eric Wheeler 0-0: Foul Ball, location: 2F
0-1: Ball
1-1: Ground out 1-3 (Groundball, 15S)
Batting: RHB Fabrice Brodeur 0-0: Called Strike
0-1: Ground out 4-3 (Groundball, 4)
Top of the 7th over - 0 run(s), 0 hit(s), 0 error(s), 0 left on base; Chicago 0 - Los Angeles 9
BOTTOM OF THE 7TH
Los Angeles Bruins batting - Pitching for Chicago Machine : RHP Manny Muñóz
Pitching: RHP Alberto Vásquez
Batting: SHB Miguel González 0-0: Called Strike
0-1: Ball
1-1: Ball
2-1: Foul Ball, location: 2F
2-2: DOUBLE (Line Drive, 9D)
Batting: RHB Shih-k'ai Huang 0-0: Ball
1-0: Swinging Strike
1-1: Foul Ball, location: 2F
1-2: Ground out 1-3 (Groundball, 15)
Batting: RHB Gregg Nelson 0-0: Ball
1-0: Called Strike
1-1: Foul Ball, location: 2F
1-2: Foul Ball, location: 2F
1-2: SINGLE (Groundball, 6MD)
Miguel González to third
Runner from 3rd tries for Home, SAFE, throw made home
Gregg Nelson to second
Batting: SHB Ramón Lugo 0-0: Foul Ball, location: 2F
0-1: Ball
1-1: Ground out 6-3 (Groundball, 6)
Batting: RHB Tom Doherty 0-0: Ball
1-0: SINGLE (Groundball, 6M)
Gregg Nelson to third
Runner from 3rd tries for Home, SAFE, no throw or cutoff
Pitching: RHP José García
Batting: RHB Rubén Calderón 0-0: Swinging Strike
0-1: Fielders Choice at 2nd, 6-4 (Groundball, 6)
Bottom of the 7th over - 2 run(s), 3 hit(s), 0 error(s), 0 left on base; Chicago 0 - Los Angeles 11
TOP OF THE 8TH
Chicago Machine batting - Pitching for Los Angeles Bruins : RHP Juan González
Batting: LHB Marcos Vargas 0-0: Swinging Strike
0-1: Foul Ball, location: 2F
0-2: Foul Ball, location: 2F
0-2: Ground out U3 (Groundball, 3S)
Batting: RHB Edward Young 0-0: Ground out 5-3 (Groundball, 56S)
Batting: RHB Derek Ramsey 0-0: Ball
1-0: Ground out 5-3 (Groundball, 56)
Top of the 8th over - 0 run(s), 0 hit(s), 0 error(s), 0 left on base; Chicago 0 - Los Angeles 11
BOTTOM OF THE 8TH
Los Angeles Bruins batting - Pitching for Chicago Machine : RHP José García
Pinch Hitting: LHB Tony Abete 0-0: Ball
1-0: Swinging Strike
1-1: Ball
2-1: Foul Ball, location: 2F
2-2: Ground out 1-3 (Groundball, 13S)
Batting: RHB Morgan Gibbon 0-0: Called Strike
0-1: Swinging Strike
0-2: Fly out, F7 (Flyball, 78XD)
Batting: RHB Brendan Vigors 0-0: Ball
1-0: Ball
2-0: Called Strike
2-1: Ball
3-1: Called Strike
3-2: Ground out U3 (Groundball, 3)
Bottom of the 8th over - 0 run(s), 0 hit(s), 0 error(s), 0 left on base; Chicago 0 - Los Angeles 11
TOP OF THE 9TH
Chicago Machine batting - Pitching for Los Angeles Bruins : RHP Juan González
Now in RF: Tony Abete
Batting: RHB Rick Ayliffe 0-0: Ground out 4-3 (Groundball, 4M)
Pinch Hitting: LHB Francisco Vega 0-0: Ball
1-0: Foul Ball, location: 2F
1-1: Ground out 2-3 (Groundball, 25)
Batting: LHB José Antonio Santiago 0-0: Ground out 4-3 (Groundball, 4M)
Top of the 9th over - 0 run(s), 0 hit(s), 0 error(s), 0 left on base; Chicago 0 - Los Angeles 11
This league is powered by Out of the Park Baseball, the baseball management simulation game for PC, Mac and Linux
Saturday, April 9th, 2016 - OOTP Baseball 16.8 Build 38